 Dungeon Crawl Stone Soup version 0.21-a0-633-g4c047d5 (webtiles) character file.

8 Alarkh the Slasher (level 2, 24/24 HPs)
             Began as a Demonspawn Berserker on Dec 28, 2017.
             Was a Follower of Trog.
             Got out of the dungeon alive.
             The game lasted 00:00:26 (433 turns).

Alarkh the Slasher (Demonspawn Berserker)            Turns: 433, Time: 00:00:26

Health: 24/24      AC:  4    Str: 17    XL:     2   Next: 0%
Magic:  2/2        EV: 12    Int:  8    God:    Trog [*.....]
Gold:   20         SH:  0    Dex: 12    Spells: 1/1 levels left

rFire    . . .     SeeInvis .   a - +0 falchion
rCold    . . .     Gourm    .   (no shield)
rNeg     + . .     Faith    .   b - +0 animal skin
rPois    .         Spirit   .   (no helmet)
rElec    .         Reflect  .   (no cloak)
rCorr    .         Harm     .   (no gloves)
MR       .....                  (no boots)
Stlth    +.........             (no amulet)
HPRegen  0.08/turn              e - ring of positive energy
MPRegen  0.08/turn              (no ring)

@: no status effects
A: iridescent scales 1
a: Berserk, Burn Spellbooks, Renounce Religion


You escaped.
You worshipped Trog.
Trog was aware of your devotion.
You were not hungry.

You visited 1 branch of the dungeon, and saw 1 of its levels.

You collected 20 gold pieces.

Inventory:

Hand Weapons
 a - a +0 falchion (weapon)
Armour
 b - a +0 animal skin (worn)
Jewellery
 e - a ring of positive energy (left hand)
Scrolls
 d - a scroll of teleportation {unknown}
Comestibles
 c - 2 rations


   Skills:
 - Level 3.0 Fighting
 + Level 3.2 Long Blades
 - Level 1.7 Armour
 - Level 1.7 Dodging


You had one spell level left.
You didn't know any spells.

Dungeon Overview and Level Annotations

Branches:
Dungeon (1/15)

Altars:


Innate Abilities, Weirdness & Mutations

You are partially covered in iridescent scales. (AC +2)


Message History

The bat hits you but does no damage.
You hit the bat but do no damage. The bat hits you but does no damage.
The bat closely misses you.
You riposte.
You closely miss the bat. The bat hits you.
You slash the bat!
You kill the bat!
Trog accepts your kill.
You have reached level 2!
Your demonic ancestry asserts itself...
Iridescent scales grow over part of your body.
e - a peridot ring
e - a ring of positive energy (left hand)
Things that are here:
a dagger; a stone; a kobold skeleton You see here a stone.
You see here a stone.
There is a staircase leading out of the dungeon here.
You aren't carrying any potions.
Are you sure you want to leave the Dungeon?
This will make you lose the game!
You have escaped!

### ###########
#≈###.##...#.≈#
#.............#
############...........#
).....((.#(............#..
########.......≈≈≈.......#
#......≈...≈.......
#......≈.@.≈......#
#..#...≈...≈......#
#..#....≈≈≈.......# ##
#.##............#.# .#
#.#...........### .
.#######.##...........#
.#....##.#≈..#.#..##..#
.#....# ..######### ###
.#....###.


There were no monsters in sight!

Vanquished Creatures
  3 bats (D:1)
  2 hobgoblins (D:1)
  A kobold (D:1)
  2 rats (D:1)
8 creatures vanquished.

Notes
Turn   | Place    | Note
-------+----------+-------------------------------------------
     0 | D:1      | Alarkh the Demonspawn Berserker began the quest for the Orb.
     0 | D:1      | Reached XP level 1. HP: 18/18 MP: 1/1
   375 | D:1      | Gained mutation: You are partially covered in iridescent scales. (AC +2) [demonic ancestry]
   375 | D:1      | Reached XP level 2. HP: 23/24 MP: 2/2
   433 | D:$      | Got out of the dungeon alive.

Vault maps used:
D:1:      enne_arrival_octagon_isle

Skill      XL: |  1 |
---------------+----+-----
Long Blades    | 3 |  3.2
Fighting       | |  3.0
Armour         | |  1.7
Dodging        | |  1.7

Action                   || total
-------------------------++-------
Melee: Falchion          ||    20
 Stab: Sleeping          ||     1
Armor: Animal skin       ||     5
Dodge: Dodged            ||    21
       Rpst.: Falchion   ||     6

Table legend:
 A = Spawn XP
 B = Non-spawn XP
 C = Spawn XP percentage of total XP
 D = Spawn monster count
 E = Non-spawn monster count
 F = Spawn count percentage of total count
 G = Total turns spent on level
                    A         B        C        D         E        F      G
               +---------+---------+-------+---------+---------+-------+---------
         Total |       0 |      12 |   0.0 |       0 |       8 |   0.0 |   433
               +---------+---------+-------+---------+---------+-------+---------
           D:1 |       0 |      12 |   0.0 |       0 |       8 |   0.0 |   433
               +---------+---------+-------+---------+---------+-------+---------
